Map: Frozen Temple

Players

calmoe - Winner!

  • Race: Protoss Protoss
  • League: Gold

YaKaMaNiaK

  • Race: Protoss Protoss
  • League: Gold

VOD

Have the link to the VOD?

Description

Time

  • Played on: Aug. 29, 2016, 11:45 p.m.
  • Length: 18:01
Show
View Real Time Build Order
Export as new Build Order

calmoe Protoss - Winner!

Build Orders: 1 Gate Expand 

Get SALT Encoding   

  12  0:01  Probe (Chrono Boost)  
  13  0:11  Probe (Chrono Boost)  
  14  0:22  Probe (Chrono Boost)  
  14  0:24  Pylon  
  15  0:42  Probe (Chrono Boost)  
  16  0:44  Gateway  
  16  0:53  Probe (Chrono Boost)  
  17  1:03  Probe (Chrono Boost)  
  18  1:14  Probe (Chrono Boost)  
  19  1:23  Nexus  
  19  1:27  Assimilator  
  19  1:32  Assimilator  
  19  1:38  Assimilator  
  19  1:49  Probe (Chrono Boost)  
  20  2:02  Probe (Chrono Boost)  
  21  2:13  Gateway, Probe (Chrono Boost)  
  22  2:19  Cybernetics Core  
  22  2:24  Probe (Chrono Boost)  
  23  2:35  Probe (Chrono Boost)  
  24  2:40  Pylon  
  24  2:49  Probe (Chrono Boost)  
  24  2:50  Probe (Chrono Boost), Warp Gate  
  26  2:59  Probe (Chrono Boost)  
  26  3:01  Probe (Chrono Boost)  
  26  3:03  Adept  
  30  3:10  Probe (Chrono Boost)  
  30  3:11  Probe (Chrono Boost)  
  32  3:18  Stalker  
  34  3:31  Probe (Chrono Boost)  
  35  3:41  Probe (Chrono Boost)  
  35  3:48  Probe (Chrono Boost)  
  37  3:52  Probe (Chrono Boost), Stalker  
  40  3:58  Probe (Chrono Boost), Stalker  
  44  4:04  Probe (Chrono Boost)  
  44  4:09  Pylon, Probe (Chrono Boost)  
  45  4:16  Pylon  
  45  4:27  Pylon, Stalker  
  45  4:28  Stalker  
  45  4:31  Mothership Core (Chrono Boost)  
  49  4:36  Probe (Chrono Boost)  
  50  4:45  Robotics Facility  
  50  4:46  Probe (Chrono Boost)  
  50  4:48  Gateway  
  52  4:53  Probe (Chrono Boost)  
  52  4:54  Assimilator  
  52  4:56  Assimilator  
  52  5:02  Probe (Chrono Boost)  
  52  5:04  Twilight Council  
  52  5:05  Probe (Chrono Boost)  
  53  5:24  Probe (Chrono Boost)  
  53  5:25  Probe (Chrono Boost)  
  53  5:27  Stalker x2  
  59  5:34  Probe (Chrono Boost)  
  61  5:37  Probe (Chrono Boost)  
  61  5:40  Warp Prism  
  60  5:44  Pylon  
  60  5:45  Pylon, Probe (Chrono Boost)  
  60  5:49  Probe (Chrono Boost)  
  56  5:50  Stalker  
  56  5:55  Probe (Chrono Boost)  
  55  6:06  Probe (Chrono Boost)  
  55  6:07  Probe (Chrono Boost)  
  55  6:08  Blink  
  57  6:16  Probe (Chrono Boost), Stalker x2  
  63  6:19  Probe (Chrono Boost)  
  63  6:27  Probe (Chrono Boost)  
  63  6:28  Observer  
  63  6:31  Probe (Chrono Boost)  
  66  6:37  Probe (Chrono Boost)  
  67  6:43  Probe (Chrono Boost)  
  67  6:45  Gateway  
  67  6:47  Gateway  
  68  6:48  Probe (Chrono Boost)  
  68  6:50  Stalker x2  
  68  6:52  Stalker  
  76  6:55  Probe (Chrono Boost)  
  68  7:21  Stalker x3  
  66  7:47  Gateway  
  66  7:48  Nexus  
  66  7:49  Pylon  
  66  7:50  Gateway  
  66  7:51  Gateway, Pylon  
  66  7:52  Stalker  
  66  7:53  Pylon, Stalker  
  70  8:09  Stalker x2  
  74  8:14  Immortal  
  74  8:16  Stalker  
  80  8:25  Stalker  
  80  8:29  Probe (Chrono Boost)  
  80  8:31  Probe (Chrono Boost)  
  82  8:35  Pylon  
  82  8:39  Resonating Glaives  
  82  8:40  Probe (Chrono Boost)  
  83  8:42  Stalker  
  83  8:43  Probe (Chrono Boost)  
  86  8:50  Probe (Chrono Boost)  
  86  8:55  Probe (Chrono Boost)  
  80  9:05  Stalker  
  80  9:06  Stalker x3  
  86  9:16  Probe x2 (Chrono Boost)  
  89  9:18  Probe (Chrono Boost)  
  89  9:24  Immortal  
  93  9:27  Probe x2 (Chrono Boost)  
  93  9:30  Probe (Chrono Boost)  
  96  9:37  Probe (Chrono Boost)  
  96  9:38  Probe (Chrono Boost)  
  98  9:42  Probe (Chrono Boost)  
  99  9:48  Probe x2 (Chrono Boost)  
  99  9:50  Forge  
  99  9:51  Forge  
  102  9:54  Probe (Chrono Boost)  
  102  9:55  Assimilator  
  102  9:57  Assimilator  
  98  10:04  Probe (Chrono Boost)  
  99  10:08  Immortal  
  99  10:10  Protoss Ground Weapons Level 1  
  99  10:11  Protoss Ground Armor Level 1  
  103  10:14  Probe (Chrono Boost)  
  103  10:16  Probe (Chrono Boost)  
  103  10:17  Probe (Chrono Boost)  
  106  10:25  Probe (Chrono Boost)  
  106  10:28  Probe (Chrono Boost)  
  108  10:35  Robotics Facility  
  108  10:39  Templar Archives  
  108  10:41  Probe x2 (Chrono Boost)  
  110  10:44  Adept x3  
  110  10:45  Adept x3  
  110  10:47  Immortal  
  126  10:56  Pylon  
  126  11:04  Nexus  
  126  11:05  Pylon, Adept x3  
  132  11:22  Probe x2 (Chrono Boost)  
  132  11:23  Warp Prism  
  136  11:26  Observer  
  136  11:31  Adept x2  
  141  11:36  Zealot  
  141  11:37  Zealot x2  
  147  11:44  Pylon  
  147  11:52  Pylon  
  147  11:54  Pylon  
  147  11:58  Pylon  
  147  12:00  Observer  
  148  12:02  Immortal  
  148  12:05  High Templar  
  148  12:06  High Templar  
  156  12:10  Pylon  
  156  12:12  Archon  
  152  12:20  Stalker x2  
  152  12:21  Immortal, Stalker x3  
  152  12:22  Stalker  
  153  12:41  Immortal  
  141  12:49  Stalker x4  
  141  12:50  Stalker x4  
  153  12:53  Protoss Ground Weapons Level 2  
  153  12:54  Protoss Ground Armor Level 2  
  153  13:00  Immortal  
  157  13:16  Pylon  
  157  13:20  Immortal  
  161  13:29  Zealot  
  161  13:30  Zealot  
  161  13:31  Nexus  
  161  13:33  Pylon  
  165  13:35  Pylon x2  
  165  13:39  Immortal  
  169  13:54  High Templar  
  169  13:55  High Templar x5  
  179  13:58  Archon  
  179  13:59  Archon x2  
  179  14:00  Observer  
  182  14:18  Probe (Chrono Boost)  
  182  14:19  Observer, Probe x2 (Chrono Boost)  
  186  14:43  Stalker  
  186  14:44  Stalker x5  
  186  14:45  Stalker  
Show
View Real Time Build Order
Export as new Build Order

YaKaMaNiaK Protoss 

Build Orders:  

Get SALT Encoding   

  12  0:02  Probe (Chrono Boost)  
  13  0:13  Probe (Chrono Boost)  
  14  0:18  Pylon  
  14  0:23  Probe (Chrono Boost)  
  15  0:36  Probe (Chrono Boost)  
  16  0:47  Probe (Chrono Boost)  
  17  0:57  Probe (Chrono Boost)  
  18  1:06  Nexus  
  18  1:15  Gateway  
  18  1:20  Assimilator  
  18  1:23  Probe (Chrono Boost)  
  19  1:33  Probe (Chrono Boost)  
  20  1:49  Gateway  
  20  1:50  Probe (Chrono Boost)  
  21  2:04  Pylon  
  21  2:06  Probe (Chrono Boost)  
  22  2:14  Zealot  
  22  2:20  Probe (Chrono Boost)  
  25  2:27  Probe (Chrono Boost)  
  26  2:32  Probe (Chrono Boost)  
  26  2:35  Zealot  
  26  2:36  Cybernetics Core  
  27  2:39  Probe (Chrono Boost)  
  30  2:56  Probe (Chrono Boost)  
  30  2:57  Probe (Chrono Boost)  
  32  2:59  Assimilator  
  32  3:01  Warp Gate  
  32  3:04  Assimilator  
  32  3:06  Probe (Chrono Boost)  
  32  3:09  Probe (Chrono Boost)  
  34  3:18  Adept  
  34  3:19  Adept  
  38  3:23  Mothership Core (Chrono Boost)  
  38  3:25  Probe (Chrono Boost)  
  41  3:36  Probe (Chrono Boost)  
  40  3:43  Probe (Chrono Boost)  
  40  3:45  Stargate  
  40  3:46  Probe (Chrono Boost)  
  42  3:55  Probe (Chrono Boost), Adept  
  43  3:57  Probe (Chrono Boost)  
  43  3:59  Pylon  
  46  4:15  Pylon  
  46  4:17  Probe (Chrono Boost), Adept  
  46  4:19  Probe (Chrono Boost)  
  50  4:32  Oracle  
  50  4:36  Adept  
  55  4:44  Adept  
  57  4:48  Gateway x2  
  57  4:51  Robotics Facility, Probe x2 (Chrono Boost)  
  59  4:53  Assimilator  
  59  4:55  Pylon  
  59  5:16  Pylon  
  51  5:45  Adept x2  
  53  5:59  Oracle  
  50  6:05  Stalker x2  
  50  6:06  Stalker  
  50  6:08  Probe x2 (Chrono Boost), Adept  
  50  6:09  Warp Prism  
  65  6:20  Probe x2 (Chrono Boost)  
  67  6:29  Adept x4  
  67  6:32  Probe x2 (Chrono Boost)  
  75  6:44  Probe (Chrono Boost)  
  75  6:45  Pylon, Probe (Chrono Boost)  
  77  6:52  Nexus  
  77  6:53  Pylon  
  77  6:55  Pylon  
  77  6:56  Probe (Chrono Boost)  
  77  7:00  Probe (Chrono Boost)  
  76  7:04  Adept  
  76  7:05  Adept x3  
  76  7:25  Stalker x3  
  76  7:26  Stalker  
  78  7:31  Oracle  
  78  7:36  Immortal  
  85  7:49  Stalker x4  
  85  7:51  Forge  
  93  7:55  Probe x2 (Chrono Boost)  
  93  8:25  Stalker x3  
  93  8:26  Stalker  
  99  8:41  Gateway  
  99  8:43  Gateway  
  99  8:45  Gateway  
  99  8:51  Zealot x4  
  105  9:12  Immortal  
  105  9:13  Probe x2 (Chrono Boost)  
  105  9:14  Probe (Chrono Boost)  
  106  9:25  Robotics Facility, Probe (Chrono Boost)  
  106  9:26  Probe (Chrono Boost)  
  106  9:30  Twilight Council  
  105  9:31  Forge  
  105  9:47  Adept x2  
  105  9:52  Pylon  
  109  9:56  Pylon x2  
  109  9:57  Pylon  
  109  9:58  Pylon  
  109  10:06  Probe (Chrono Boost)  
  106  10:07  Probe x2 (Chrono Boost)  
  106  10:11  Immortal  
  106  10:13  Void Ray  
  106  10:16  Immortal  
  118  10:24  Stalker x4  
  118  10:25  Sentry x2  
  118  10:26  Sentry  
  134  10:29  Probe x2 (Chrono Boost)  
  134  10:45  Immortal  
  134  10:51  Void Ray  
  134  10:53  Assimilator, Probe (Chrono Boost)  
  134  10:56  Immortal, Assimilator  
  147  11:18  Pylon  
  147  11:19  Warp Prism  
  147  11:20  Pylon  
  147  11:21  Nexus  
  149  11:35  Pylon  
  149  11:39  Pylon  
  148  12:04  Protoss Ground Armor Level 1, Protoss Ground Weapons Level 1  
  148  12:10  Pylon x2  
  146  12:35  Stalker  
  146  12:36  Stalker x5  
  138  12:39  Probe x2 (Chrono Boost)  
  124  12:55  Probe (Chrono Boost)  
  124  12:56  Probe (Chrono Boost)  
  124  12:57  Probe x2 (Chrono Boost)  
  128  13:06  Probe (Chrono Boost)  
  128  13:08  Probe x2 (Chrono Boost)  
  128  13:09  Probe (Chrono Boost)  
  132  13:16  Probe (Chrono Boost)  
  132  13:19  Probe (Chrono Boost)  
  135  13:21  Probe (Chrono Boost)  
  135  13:23  Photon Cannon  
  135  13:26  Photon Cannon  
  135  13:27  Photon Cannon  
  135  13:28  Robotics Bay, Photon Cannon  
  135  13:30  Photon Cannon, Dark Shrine  
  135  13:31  Templar Archives  
  135  13:34  Probe x2 (Chrono Boost)  
  137  13:38  Immortal  
  137  13:41  Robotics Facility  
  137  13:42  Pylon  
  137  13:43  Immortal  
  145  14:03  Stalker x7  
  145  14:06  Probe (Chrono Boost)  
  145  14:07  Probe x2 (Chrono Boost)  
  145  14:08  Assimilator, Extended Thermal Lance  
  162  14:10  Assimilator  
  162  14:12  Probe (Chrono Boost)  
  162  14:14  Colossus  
  162  14:16  Colossus  
  175  14:35  Void Ray  
  170  14:55  Nexus  
  129  15:55  Pylon  
  123  15:57  Pylon  
  123  15:58  Pylon  
  123  16:01  Pylon  
  123  16:03  Pylon  
  122  16:04  Pylon  
  122  16:06  Pylon  
  122  16:11  Pylon  
  122  16:37  Gateway  
  122  16:40  Gateway  
  122  16:42  Gateway x3  
  122  16:45  Gateway  
  122  16:46  Gateway  
  122  16:47  Gateway  
  122  16:49  Gateway  
  98  17:40  Probe (Chrono Boost)  
  58  17:50  Probe (Chrono Boost)  
Tags
 
Add a new tag
Caveats
  • Supply blocks, unpowered buildings, or Contaminate may cause inaccurate times.
  • Supply counts are checked every 10 seconds.